WIN
PITTSBURGH (WIN) PIRATES @ NEW YORK (WIN) METS
12/03/2048
 
TOP OF THE 1ST
Pittsburgh (WIN) Pirates batting - Pitching for New York (WIN) Mets : RHP David Anzaldua
Pitching: RHP David Anzaldua
Batting: RHB Melvin Durland 0-0: Called Strike
0-1: Ball
1-1: Foul Ball, location: 2F
1-2: Strikes out looking
Batting: RHB Alex Arzate 0-0: Ball
1-0: Ball
2-0: Foul Ball, location: 2F
2-1: Foul Ball, location: 2F
2-2: Foul Ball, location: 2F
2-2: Reached via error on a dropped throw from 1B, E1 (Groundball, 34, EV 101.9 MPH)
Batting: LHB Josh Aerni 0-0: Ball
1-0: Ball
2-0: Called Strike
2-1: Ball
Wild Pitch!
Alex Arzate to second
3-1: Foul Ball, location: 2F
3-2: Foul Ball, location: 2F
3-2: Foul Ball, location: 2F
3-2: Strikes out swinging
Batting: RHB Dave Fredericks 0-0: Ball
1-0: Ball
2-0: Called Strike
2-1: Called Strike
2-2: Fly out, F3 (Popup, 34S, EV 73.8 MPH)
Top of the 1st over - 0 runs, 0 hits, 1 error, 1 left on base; Pittsburgh (WIN) 0 - New York (WIN) 0
BOTTOM OF THE 1ST
New York (WIN) Mets batting - Pitching for Pittsburgh (WIN) Pirates : RHP Pete Griesser
Pitching: RHP Pete Griesser
Batting: RHB Finn Ross 0-0: Ball
1-0: Ball
2-0: Foul Ball, location: 2F
2-1: Foul Ball, location: 2F
2-2: Ball
3-2: Ground out 5-3 (Groundball, 56, EV 86.9 MPH)
Batting: SHB Masatoshi Akahoshi 0-0: SINGLE (Groundball, 56D, EV 102.5 MPH)
Batting: RHB Josh Jones 0-0: Called Strike
0-1: Fly out, F8 (Flyball, 8RD, EV 100.0 MPH)
Batting: RHB Mike Hanks 0-0: Foul Ball, location: 2F
0-1: Called Strike
0-2: Foul Ball, location: 2F
0-2: Ball
1-2: Ball
Masatoshi Akahoshi steals 2nd base
2-2: Ball
3-2: Strikes out swinging
Bottom of the 1st over - 0 runs, 1 hit, 0 errors, 1 left on base; Pittsburgh (WIN) 0 - New York (WIN) 0
TOP OF THE 2ND
Pittsburgh (WIN) Pirates batting - Pitching for New York (WIN) Mets : RHP David Anzaldua
Batting: RHB Brandon White 0-0: Ball
1-0: Ball
2-0: Ball
3-0: Called Strike
3-1: SINGLE (Groundball, 6M, EV 81.9 MPH) (infield hit)
Batting: RHB Steve Terres 0-0: Ball
1-0: Foul Ball, location: 2F
1-1: SINGLE (Line Drive, 78S, EV 107.5 MPH)
Brandon White to second
Batting: RHB Chris Arroyo 0-0: Ball
1-0: Ball
2-0: Called Strike
2-1: Foul Ball, location: 2F
2-2: Foul Ball, location: 2F
2-2: Foul Ball, location: 2F
2-2: Ball
3-2: Base on Balls
Brandon White to third
Steve Terres to second
Batting: RHB Terrence Wilson 0-0: Ball
1-0: Ball
2-0: Called Strike
2-1: Fielders Choice at 2nd, 3-6 (Groundball, 13, EV 76.9 MPH)
Brandon White scores
Steve Terres to third
Batting: SHB Nathan Clement 0-0: Called Strike
0-1: Ball
1-1: Foul Ball, location: 2F
1-2: Strikes out swinging
Batting: RHB Melvin Durland 0-0: Ball
1-0: Called Strike
1-1: Ground out U3 (Groundball, 3, EV 86.9 MPH)
Top of the 2nd over - 1 run, 2 hits, 0 errors, 2 left on base; Pittsburgh (WIN) 1 - New York (WIN) 0
BOTTOM OF THE 2ND
New York (WIN) Mets batting - Pitching for Pittsburgh (WIN) Pirates : RHP Pete Griesser
Batting: SHB Jason Larson 0-0: Ground out 6-3 (Groundball, 6, EV 103.8 MPH)
Batting: RHB Andy Carrell 0-0: Ball
1-0: Ball
2-0: Ground out 5-3 (Groundball, 56S, EV 83.8 MPH)
Batting: RHB Mike Phillips 0-0: Called Strike
0-1: Foul Ball, location: 2F
0-2: Ball
1-2: Ball
2-2: Ground out 4-3 (Groundball, 34, EV 81.9 MPH)
Bottom of the 2nd over - 0 runs, 0 hits, 0 errors, 0 left on base; Pittsburgh (WIN) 1 - New York (WIN) 0
TOP OF THE 3RD
Pittsburgh (WIN) Pirates batting - Pitching for New York (WIN) Mets : RHP David Anzaldua
Batting: RHB Alex Arzate 0-0: Called Strike
0-1: Swinging Strike
0-2: Strikes out swinging
Batting: LHB Josh Aerni 0-0: Ball
1-0: Called Strike
1-1: Ball
2-1: Fly out, F9 (Flyball, 89S, EV 88.1 MPH)
Batting: RHB Dave Fredericks 0-0: Foul Ball, location: 2F
0-1: Swinging Strike
0-2: Ball
1-2: Ball
2-2: Foul Ball, location: 2F
2-2: Ball
3-2: Base on Balls
Batting: RHB Brandon White Pickoff Throw to First - Error! E1
Dave Fredericks to second
0-0: Ball
1-0: Ball
2-0: Ground out 5-3 (Groundball, 56S, EV 81.9 MPH)
Top of the 3rd over - 0 runs, 0 hits, 1 error, 1 left on base; Pittsburgh (WIN) 1 - New York (WIN) 0
BOTTOM OF THE 3RD
New York (WIN) Mets batting - Pitching for Pittsburgh (WIN) Pirates : RHP Pete Griesser
Batting: RHB Dan Muse 0-0: Called Strike
0-1: Ground out 6-3 (Groundball, 6, EV 98.8 MPH)
Batting: RHB Devine Adams 0-0: Ball
1-0: Ground out 3-1 (Groundball, 34S, EV 90.6 MPH)
Batting: RHB Finn Ross 0-0: Ball
1-0: Ball
2-0: Called Strike
2-1: Ball
3-1: Foul Ball, location: 2F
3-2: SOLO HOME RUN (Flyball, 7D, EV 95.6 MPH), Distance : 385 ft
Batting: SHB Masatoshi Akahoshi 0-0: Ball
1-0: Foul Ball, location: 2F
1-1: Called Strike
1-2: Ball
2-2: Foul Ball, location: 2F
2-2: Ball
3-2: Foul Ball, location: 2F
3-2: Foul Ball, location: 2F
3-2: Foul Ball, location: 2F
3-2: Base on Balls
Batting: RHB Josh Jones 0-0: Ball
1-0: Ball
2-0: Foul Ball, location: 2F
2-1: DOUBLE (Groundball, 5L, EV 106.2 MPH)
Masatoshi Akahoshi to third
Batting: RHB Mike Hanks 0-0: SINGLE (Flyball, 8RS, EV 93.8 MPH)
Masatoshi Akahoshi scores
Josh Jones to third
Runner from 3rd tries for Home, SAFE, throw by CF to home
Batting: SHB Jason Larson 0-0: Ball
1-0: Fielders Choice at 2nd, 6-4 (Groundball, 6, EV 78.1 MPH)
Bottom of the 3rd over - 3 runs, 3 hits, 0 errors, 1 left on base; Pittsburgh (WIN) 1 - New York (WIN) 3
TOP OF THE 4TH
Pittsburgh (WIN) Pirates batting - Pitching for New York (WIN) Mets : RHP David Anzaldua
Batting: RHB Steve Terres 0-0: Called Strike
0-1: Ball
1-1: Ball
2-1: Foul Ball, location: 2F
2-2: Foul Ball, location: 2F
2-2: Strikes out swinging
Batting: RHB Chris Arroyo 0-0: Fly out, F4 (Line Drive, 4, EV 65.0 MPH)
Batting: RHB Terrence Wilson 0-0: Ball
1-0: Called Strike
1-1: Ball
2-1: SINGLE (Groundball, 34D, EV 98.1 MPH) (infield hit)
Batting: SHB Nathan Clement 0-0: Hit by Pitch
Terrence Wilson to second
Batting: RHB Melvin Durland 0-0: Ball
1-0: Ball
2-0: Called Strike
2-1: Foul Ball, location: 2F
2-2: Strikes out swinging
Top of the 4th over - 0 runs, 1 hit, 0 errors, 2 left on base; Pittsburgh (WIN) 1 - New York (WIN) 3
BOTTOM OF THE 4TH
New York (WIN) Mets batting - Pitching for Pittsburgh (WIN) Pirates : RHP Pete Griesser
Batting: RHB Andy Carrell 0-0: Ball
1-0: Foul Ball, location: 2F
1-1: Foul Ball, location: 2F
1-2: Strikes out swinging, 2-3 out at first.
Batting: RHB Mike Phillips 0-0: SINGLE (Groundball, 6D, EV 105.6 MPH)
Batting: RHB Dan Muse 0-0: Called Strike
Mike Phillips steals 2nd base
0-1: Ball
1-1: Foul Ball, location: 2F
1-2: Ball
2-2: Strikes out swinging
Batting: RHB Devine Adams 0-0: Swinging Strike
0-1: Fly out, F9 (Flyball, 9D, EV 81.9 MPH)
Bottom of the 4th over - 0 runs, 1 hit, 0 errors, 1 left on base; Pittsburgh (WIN) 1 - New York (WIN) 3
TOP OF THE 5TH
Pittsburgh (WIN) Pirates batting - Pitching for New York (WIN) Mets : RHP David Anzaldua
Batting: RHB Alex Arzate 0-0: Ball
1-0: Ball
2-0: Called Strike
2-1: Foul Ball, location: 2F
2-2: Ball
3-2: Base on Balls
Batting: LHB Josh Aerni 0-0: Called Strike
0-1: DOUBLE (Line Drive, 7LS, EV 109.4 MPH)
Alex Arzate to third
Runner from 3rd tries for Home, throw by LF and OUT! 7-6-2
Josh Aerni to third
Batting: RHB Dave Fredericks 0-0: Foul Ball, location: 2F
0-1: Ball
1-1: Foul Ball, location: 2F
1-2: Ball
2-2: Fly out, F8 (Flyball, 8RD, EV 96.2 MPH)
Runner from 3rd tags up, SCORES, throw by CF
Batting: RHB Brandon White 0-0: Called Strike
0-1: SOLO HOME RUN (Flyball, 7LD, EV 95.6 MPH), Distance : 350 ft
Batting: RHB Steve Terres 0-0: SINGLE (Line Drive, 9S, EV 88.1 MPH)
Pitching: RHP Jason Vulich
Batting: RHB Chris Arroyo 0-0: SINGLE (Groundball, 56D, EV 98.8 MPH)
Steve Terres to second
Batting: RHB Terrence Wilson 0-0: Called Strike
0-1: Swinging Strike
0-2: Strikes out swinging
Top of the 5th over - 2 runs, 4 hits, 0 errors, 2 left on base; Pittsburgh (WIN) 3 - New York (WIN) 3
BOTTOM OF THE 5TH
New York (WIN) Mets batting - Pitching for Pittsburgh (WIN) Pirates : RHP Pete Griesser
Batting: RHB Finn Ross 0-0: Ground out 5-3 (Groundball, 5S, EV 68.8 MPH)
Batting: SHB Masatoshi Akahoshi 0-0: Called Strike
0-1: Foul Ball, location: 2F
0-2: Ball
1-2: Foul Ball, location: 2F
1-2: Ball
2-2: SINGLE (Groundball, 56D, EV 101.9 MPH) (infield hit)
Batting: RHB Josh Jones 0-0: Foul Ball, location: 2F
0-1: Ball
1-1: Ball
2-1: Ball
3-1: Base on Balls
Masatoshi Akahoshi to second
Batting: RHB Mike Hanks 0-0: Fly out, F9 (Flyball, 9D, EV 107.5 MPH)
Runner from 2nd tags up, SAFE at 3rd, no throw by RF
Batting: SHB Jason Larson 0-0: Ball
1-0: Swinging Strike
1-1: SINGLE (Groundball, 34S, EV 70.0 MPH) (infield hit)
Masatoshi Akahoshi scores
Josh Jones to second
Batting: RHB Andy Carrell 0-0: Foul Ball, location: 2F
0-1: Called Strike
0-2: Ball
1-2: Foul Ball, location: 2F
1-2: SINGLE (Groundball, 56D, EV 101.2 MPH)
Josh Jones to third
Jason Larson to second
Runner from 3rd tries for Home, SAFE, throw by LF to home
Batting: RHB Mike Phillips 0-0: Ball
1-0: Called Strike
1-1: Ball
2-1: Foul Ball, location: 2F
2-2: Foul Ball, location: 2F
2-2: Ball
3-2: Base on Balls
Jason Larson to third
Andy Carrell to second
Batting: RHB Dan Muse 0-0: Called Strike
0-1: Ball
Wild Pitch!
Jason Larson scores
Andy Carrell to third
Mike Phillips to second
1-1: Ball
2-1: SINGLE (Groundball, 6MD, EV 98.1 MPH)
Andy Carrell scores
Mike Phillips to third
Runner from 3rd tries for Home, SAFE, throw by CF to home
Dan Muse to second
Pitching: LHP Adam Clarke
Batting: RHB Devine Adams 0-0: Ball
1-0: Foul Ball, location: 2F
1-1: Swinging Strike
1-2: SINGLE (Flyball, 34D, EV 87.5 MPH)
Dan Muse to third
Runner from 3rd tries for Home, SAFE, throw by RF to home
Batting: RHB Finn Ross 0-0: Called Strike
0-1: Fly out, F8 (Flyball, 89D, EV 87.5 MPH)
Bottom of the 5th over - 6 runs, 5 hits, 0 errors, 1 left on base; Pittsburgh (WIN) 3 - New York (WIN) 9
TOP OF THE 6TH
Pittsburgh (WIN) Pirates batting - Pitching for New York (WIN) Mets : RHP Jason Vulich
Batting: SHB Nathan Clement 0-0: Called Strike
0-1: Foul Ball, location: 2F
0-2: Strikes out looking
Batting: RHB Melvin Durland 0-0: Ball
1-0: Called Strike
1-1: Ball
2-1: Swinging Strike
2-2: Ball
3-2: Base on Balls
Batting: RHB Alex Arzate 0-0: Ball
1-0: Ball
2-0: DOUBLE (Line Drive, 9LD, EV 107.5 MPH)
Melvin Durland to third
Batting: LHB Josh Aerni 0-0: Ball
1-0: Ball
2-0: Swinging Strike
2-1: Swinging Strike
2-2: Strikes out looking
Batting: RHB Dave Fredericks 0-0: Called Strike
0-1: Called Strike
0-2: Ball
1-2: Reached on error, E6 (Groundball, 6M, EV 85.6 MPH)
Melvin Durland scores
Alex Arzate to third
Batting: RHB Brandon White 0-0: Ball
1-0: Called Strike
1-1: Swinging Strike
1-2: Strikes out swinging
Top of the 6th over - 1 run, 1 hit, 1 error, 2 left on base; Pittsburgh (WIN) 4 - New York (WIN) 9
BOTTOM OF THE 6TH
New York (WIN) Mets batting - Pitching for Pittsburgh (WIN) Pirates : LHP Adam Clarke
Batting: SHB Masatoshi Akahoshi 0-0: Swinging Strike
0-1: Ball
1-1: DOUBLE (Flyball, 89XD, EV 95.0 MPH)
Batting: RHB Josh Jones 0-0: Called Strike
0-1: Ball
1-1: Ball
2-1: Ball
3-1: Ground out 2-3 (Groundball, 2R, EV 71.9 MPH)
Masatoshi Akahoshi to third
Batting: RHB Mike Hanks 0-0: Ball
1-0: Ball
2-0: Ball
3-0: Called Strike
3-1: Base on Balls
Batting: SHB Jason Larson 0-0: Ball
1-0: Ball
2-0: Ball
3-0: Base on Balls
Mike Hanks to second
Batting: RHB Andy Carrell 0-0: Swinging Strike
0-1: Fly out, F6 (Popup, P, EV 81.9 MPH)
Batting: RHB Mike Phillips 0-0: Foul Ball, location: 2F
0-1: Ball
1-1: Ball
2-1: Ball
3-1: Base on Balls
Masatoshi Akahoshi scores
Mike Hanks to third
Jason Larson to second
Batting: RHB Dan Muse 0-0: Called Strike
0-1: DOUBLE (Flyball, 8LXD, EV 101.2 MPH)
Mike Hanks scores
Jason Larson scores
Mike Phillips to third
Runner from 3rd tries for Home, SAFE, throw by CF to trailing runner, SAFE at third!
Batting: RHB Devine Adams 0-0: Ground out 6-3 (Groundball, 6, EV 102.5 MPH)
Bottom of the 6th over - 4 runs, 2 hits, 0 errors, 1 left on base; Pittsburgh (WIN) 4 - New York (WIN) 13
TOP OF THE 7TH
Pittsburgh (WIN) Pirates batting - Pitching for New York (WIN) Mets : RHP Jason Vulich
Batting: RHB Steve Terres 0-0: Ball
1-0: SINGLE (Line Drive, 56D, EV 95.6 MPH)
Batting: RHB Chris Arroyo 0-0: Swinging Strike
0-1: Ball
1-1: Ball
2-1: Ball
3-1: Base on Balls
Steve Terres to second
Pinch Hitting: LHB Dustin Herman 0-0: Called Strike
0-1: Ball
1-1: Swinging Strike
1-2: Foul Ball, location: 2F
1-2: Ball
2-2: Ball
3-2: Strikes out swinging
Batting: SHB Nathan Clement 0-0: Ball
1-0: Called Strike
1-1: Ball
2-1: Called Strike
2-2: Ball
3-2: Foul Ball, location: 2F
3-2: Foul Ball, location: 2F
3-2: Foul Ball, location: 2F
3-2: Base on Balls
Steve Terres to third
Chris Arroyo to second
Pinch Hitting: RHB Jeff Edwards 0-0: Swinging Strike
0-1: Ball
1-1: Swinging Strike
1-2: Ball
2-2: Strikes out looking
Pinch Hitting: LHB Carlos Vega 0-0: Ground out 4-3 (Groundball, 4S, EV 94.4 MPH)
Top of the 7th over - 0 runs, 1 hit, 0 errors, 3 left on base; Pittsburgh (WIN) 4 - New York (WIN) 13
BOTTOM OF THE 7TH
New York (WIN) Mets batting - Pitching for Pittsburgh (WIN) Pirates : LHP Adam Clarke
Now at SS: Tim Moore
Now in LF: Carlos Vega
Now in CF: Dave Fredericks
Now in RF: Jeff Edwards
Batting: RHB Finn Ross 0-0: Fly out, F7 (Flyball, 8LM, EV 84.4 MPH)
Batting: SHB Masatoshi Akahoshi 0-0: Foul Ball, location: 2F
0-1: Ball
1-1: Ball
2-1: Foul Ball, location: 2F
2-2: Ball
3-2: Hit by Pitch
Pitching: RHP Hitoshi Yoshihara
Pinch Hitting: RHB Jose Lara 0-0: Swinging Strike
0-1: Ball
1-1: Swinging Strike
1-2: Ball
2-2: Strikes out swinging
Batting: RHB Mike Hanks 0-0: Called Strike
0-1: Foul Ball, location: 2F
0-2: Foul Ball, location: 2F
0-2: Strikes out looking
Bottom of the 7th over - 0 runs, 0 hits, 0 errors, 1 left on base; Pittsburgh (WIN) 4 - New York (WIN) 13
TOP OF THE 8TH
Pittsburgh (WIN) Pirates batting - Pitching for New York (WIN) Mets : RHP Jason Vulich
Now at 1B: Justin Wallace
Pinch Hitting: SHB Ronnie Brooks 0-0: Ball
1-0: Ball
2-0: SINGLE (Groundball, 3S, EV 71.9 MPH) (infield hit)
Pitching: LHP Keith Noftall
Batting: RHB Dave Fredericks 0-0: Ball
1-0: Foul Ball, location: 2F
1-1: Swinging Strike
1-2: Ball
2-2: Ball
3-2: Foul Ball, location: 2F
3-2: Foul Ball, location: 2F
3-2: Strikes out looking
Batting: RHB Brandon White 0-0: Called Strike
0-1: Ball
1-1: Ball
2-1: Ball
3-1: Grounds into double play, 4-6-3 (Groundball, 4, EV 85.0 MPH)
Top of the 8th over - 0 runs, 1 hit, 0 errors, 0 left on base; Pittsburgh (WIN) 4 - New York (WIN) 13
BOTTOM OF THE 8TH
New York (WIN) Mets batting - Pitching for Pittsburgh (WIN) Pirates : RHP Hitoshi Yoshihara
Now at 1B: Norm Silveira-Wray
Batting: SHB Jason Larson 0-0: Called Strike
0-1: Ball
1-1: Swinging Strike
1-2: Ball
2-2: Foul Ball, location: 2F
2-2: Ball
3-2: Strikes out swinging
Batting: RHB Andy Carrell 0-0: Called Strike
0-1: Called Strike
0-2: Strikes out swinging
Batting: RHB Mike Phillips 0-0: Swinging Strike
0-1: Ball
1-1: Ball
2-1: Foul Ball, location: 2F
2-2: SINGLE (Line Drive, 8RS, EV 111.2 MPH)
Batting: RHB Dan Muse 0-0: Called Strike
0-1: Called Strike
0-2: Ball
1-2: Strikes out swinging
Bottom of the 8th over - 0 runs, 1 hit, 0 errors, 1 left on base; Pittsburgh (WIN) 4 - New York (WIN) 13
TOP OF THE 9TH
Pittsburgh (WIN) Pirates batting - Pitching for New York (WIN) Mets : LHP Keith Noftall
Batting: RHB Steve Terres 0-0: Called Strike
0-1: Foul Ball, location: 2F
0-2: Strikes out looking
Batting: RHB Chris Arroyo 0-0: Ball
1-0: Swinging Strike
1-1: Swinging Strike
1-2: Ball
2-2: Foul Ball, location: 2F
2-2: Strikes out swinging
Batting: RHB Tim Moore 0-0: Ball
1-0: Foul Ball, location: 2F
1-1: Ball
2-1: SOLO HOME RUN (Flyball, 8LXD, EV 101.9 MPH), Distance : 433 ft
Pinch Hitting: RHB Jaime Dubicki 0-0: Called Strike
0-1: Ball
1-1: Foul Ball, location: 2F
1-2: Foul Ball, location: 2F
1-2: Ball
2-2: Foul Ball, location: 2F
2-2: Strikes out swinging
Top of the 9th over - 1 run, 1 hit, 0 errors, 0 left on base; Pittsburgh (WIN) 5 - New York (WIN) 13
Tuesday, March 28th , 2023 - OOTP Baseball 23.10 Build 110